Map: Orbital Shipyard

Players

Decclan

  • Race: Terran Terran
  • League: Gold

capac - Winner!

  • Race: Terran Terran
  • League: Gold

VOD

Have the link to the VOD?

Description

Time

  • Played on: March 5, 2016, 1:42 p.m.
  • Length: 25:49
Show
View Real Time Build Order
Export as new Build Order

Decclan Terran 

Build Orders: Command Center First (CC), Bio Tank 

Get SALT Encoding   

  12  0:00  SCV  
  13  0:18  Supply Depot, SCV  
  14  0:30  SCV  
  15  0:42  SCV  
  16  1:12  Command Center  
  16  1:16  Barracks  
  16  1:17  SCV  
  17  1:25  Barracks  
  17  1:36  Refinery, SCV  
  18  1:48  SCV  
  18  1:51  Refinery  
  19  2:00  SCV  
  20  2:04  Marine  
  20  2:05  Supply Depot  
  21  2:17  SCV  
  21  2:18  Marine  
  23  2:25  Marine  
  24  2:31  Orbital Command  
  24  2:53  Factory  
  24  2:57  Barracks Tech Lab  
  24  2:58  SCV  
  25  3:00  Barracks Reactor  
  25  3:03  Orbital Command  
  25  3:11  SCV  
  26  3:16  Marine  
  27  3:20  Stimpack  
  27  3:23  SCV  
  28  3:29  SCV  
  29  3:39  Starport  
  29  3:41  SCV  
  30  3:42  SCV  
  30  3:44  Factory Tech Lab  
  30  3:48  Marine x3  
  33  3:53  SCV  
  33  3:54  SCV  
  36  4:05  Marine, Siege Tank, SCV  
  36  4:06  SCV  
  42  4:13  Engineering Bay  
  42  4:16  Starport Reactor  
  42  4:24  Refinery, SCV  
  42  4:25  SCV  
  42  4:28  Refinery  
  44  4:33  Supply Depot  
  44  4:35  Supply Depot x2  
  44  4:36  SCV  
  44  4:37  SCV  
  46  4:45  Terran Infantry Weapons Level 1  
  46  4:55  Siege Tank, SCV x2  
  51  5:10  Missile Turret x2  
  51  5:21  Missile Turret x2  
  51  5:24  Missile Turret  
  51  5:28  Missile Turret  
  51  5:29  SCV x2  
  51  5:31  Missile Turret  
  53  5:41  SCV  
  53  5:42  Missile Turret, SCV  
  54  6:11  Viking x2  
  58  6:23  Combat Shields  
  58  6:38  Missile Turret  
  58  6:39  Hi-Sec Auto Tracking, Missile Turret  
  58  6:40  Supply Depot  
  58  6:42  Supply Depot  
  58  6:44  Liberator  
  58  6:45  Supply Depot, Liberator  
  58  6:46  Siege Tank  
  61  6:51  Factory  
  61  6:54  Factory  
  61  6:57  Starport  
  67  7:11  Starport  
  67  7:16  Armory  
  67  7:22  Armory  
  67  7:27  Missile Turret  
  67  7:40  Factory Tech Lab x2  
  67  7:46  Starport Reactor  
  67  7:47  Starport Tech Lab  
  67  8:15  Terran Infantry Armor Level 1  
  67  8:18  Siege Tank  
  67  8:19  Siege Tank x2  
  76  8:20  Marine  
  76  8:21  Marine x2  
  76  8:25  Medivac  
  76  8:26  Medivac  
  83  8:37  Supply Depot  
  83  8:38  Marine  
  83  8:39  Supply Depot, Marine x2  
  83  8:41  Supply Depot x2  
  86  8:56  Marine x3  
  89  9:05  Liberator  
  89  9:14  Marine x3  
  89  9:15  Siege Tank x3  
  89  9:16  Barracks  
  101  9:18  Viking x2  
  108  9:32  Marine x3  
  108  9:37  Terran Ship Weapons Level 1  
  111  9:41  Terran Vehicle Weapons Level 1  
  111  9:49  Marine  
  111  9:50  Marine x2  
  114  9:54  Supply Depot x2  
  114  9:56  Supply Depot  
  114  10:01  Supply Depot x2  
  114  10:02  Supply Depot  
  114  10:07  Marine  
  114  10:08  Marine x2  
  114  10:13  Missile Turret  
  117  10:15  Missile Turret  
  117  10:25  Marine x2  
  117  10:26  Supply Depot, Marine  
  120  10:40  Barracks Reactor  
  120  10:43  Marine x3  
  123  11:01  Marine x3  
  123  11:04  Terran Infantry Weapons Level 2  
  126  11:18  Marine  
  126  11:19  Marine x2  
  129  11:28  Command Center  
  129  11:37  Marine, Missile Turret  
  130  11:40  Terran Ship Weapons Level 2, Missile Turret, Terran Vehicle And Ship Armor Level 1  
  130  12:02  Missile Turret  
  130  12:05  Missile Turret  
  130  12:25  Liberator  
  130  12:26  Liberator x2  
  130  12:27  Liberator  
  129  12:34  Marine x5  
  143  12:45  Viking  
  148  12:52  Marine x5, Planetary Fortress  
  153  13:09  Marine  
  153  13:10  Marine x4  
  158  13:15  Viking  
  158  13:19  Terran Infantry Armor Level 2  
  160  13:25  Viking, Refinery  
  160  13:26  Viking x2  
  160  13:27  Viking, Marine  
  166  13:28  Refinery, Marine x4  
  166  13:33  Terran Vehicle Weapons Level 2  
  173  13:45  Marine x3  
  173  13:46  Marine x2  
  177  14:03  Marine x5  
  182  14:18  Medivac x2  
  182  14:19  Medivac x3  
  182  14:21  Marine x4  
  196  14:24  Terran Vehicle And Ship Armor Level 2  
  196  15:49  Terran Ship Weapons Level 3  
  192  16:00  Viking x2  
  196  16:36  Supply Depot  
  196  16:45  Terran Vehicle And Ship Armor Level 3  
  196  16:57  Viking x2  
  196  16:58  Supply Depot  
  200  17:14  Viking x2  
  200  17:15  Viking  
  199  17:20  Supply Depot  
  185  17:27  Viking x2  
  189  17:40  Marine x5  
  194  17:44  Viking x2  
  194  17:45  Viking  
  200  18:30  Terran Infantry Weapons Level 3  
  200  18:31  Terran Vehicle Weapons Level 3  
  158  20:01  Marine x3  
  161  20:11  Marine  
  161  20:12  Marine  
  161  20:13  Siege Tank  
  161  20:14  Siege Tank x2  
  172  20:18  Marine  
  172  20:19  Marine x2  
  168  20:29  Marine x2  
  164  20:36  Marine  
  164  20:37  Marine x2  
  163  20:46  Siege Tank x2  
  163  20:47  Marine x2  
  169  20:54  Marine  
  169  20:55  Marine x2  
  162  21:05  Marine x2  
  142  21:12  Marine x3  
  129  21:22  Marine  
  129  21:23  Marine  
  123  21:30  Marine x3  
  124  21:40  Marine  
  124  21:41  Marine  
  126  21:48  Marine x3  
  129  21:58  Marine  
  129  21:59  Marine  
  129  22:05  Marine  
  129  22:06  Marine x2  
  132  22:16  Marine x2  
  134  22:23  Marine  
  134  22:24  Marine x2  
  130  22:34  Viking x3, Marine x2  
  130  22:35  Viking x2  
  130  22:52  Marine  
  115  23:04  Viking x2  
  54  23:50  Marine  
  54  23:51  Marine x4  
  54  23:55  Viking x5  
  69  24:08  Marine x5  
  74  24:25  Viking x2  
  74  24:26  Marine x5  
  74  24:30  Orbital Command  
  83  24:33  Orbital Command  
  83  24:43  Marine  
  83  24:44  Marine x2  
Show
View Real Time Build Order
Export as new Build Order

capac Terran - Winner!

Build Orders: MMM Bio 

Get SALT Encoding   

  12  0:00  SCV  
  13  0:13  SCV  
  14  0:18  Supply Depot  
  14  0:25  SCV  
  15  0:39  SCV  
  15  0:40  Barracks  
  16  0:51  Refinery, SCV  
  17  1:03  SCV  
  18  1:15  SCV  
  19  1:28  SCV  
  20  1:36  Command Center  
  20  1:37  Barracks Reactor  
  20  1:40  SCV  
  21  1:53  Supply Depot  
  21  1:58  Orbital Command  
  21  2:17  Refinery, Factory  
  21  2:19  Marine  
  22  2:23  Marine  
  22  2:28  SCV  
  24  2:37  Marine  
  24  2:40  Marine  
  24  2:43  SCV  
  28  2:55  Marine  
  28  2:57  Orbital Command  
  28  2:58  Marine  
  28  3:03  SCV  
  30  3:08  Starport, Factory Tech Lab  
  30  3:13  Marine  
  30  3:16  Marine  
  30  3:19  SCV  
  33  3:28  Siege Tank  
  33  3:31  SCV  
  33  3:32  SCV  
  38  3:35  Supply Depot  
  38  3:43  Engineering Bay  
  38  3:44  Marine  
  39  3:50  Medivac  
  41  3:56  SCV x2  
  43  4:08  SCV x2  
  43  4:09  Supply Depot  
  45  4:12  Missile Turret  
  45  4:13  Missile Turret  
  45  4:17  Siege Tank  
  45  4:23  Medivac  
  50  4:34  Supply Depot  
  50  4:41  SCV x2  
  50  4:42  Barracks, Marine x2  
  54  4:51  Refinery  
  54  4:53  SCV x2  
  54  4:54  Starport Reactor  
  56  5:03  Siege Tank  
  56  5:04  Marine x2  
  61  5:11  Supply Depot, SCV x2  
  63  5:21  Marine  
  63  5:22  Marine  
  63  5:26  SCV x2  
  67  5:31  Barracks Tech Lab  
  67  5:35  Viking, Barracks  
  69  5:36  Viking  
  68  6:03  SCV  
  68  6:04  SCV  
  66  6:05  Siege Tank  
  69  6:15  Marine x2  
  69  6:16  SCV x2  
  73  6:18  Stimpack  
  73  6:20  Medivac x2  
  73  6:23  Supply Depot  
  77  6:29  Refinery  
  77  6:30  SCV  
  78  6:33  Barracks Reactor  
  78  6:39  Command Center  
  78  6:45  SCV  
  79  6:56  Marine x2  
  81  7:04  SCV x2  
  83  7:12  Marine x3, Liberator x2  
  86  7:20  Supply Depot  
  86  7:28  Terran Infantry Weapons Level 1  
  86  7:29  Marine, Siege Tank  
  96  7:35  SCV  
  96  7:37  Marine x4  
  97  7:42  Supply Depot  
  101  7:46  Supply Depot  
  101  7:47  SCV  
  102  7:55  Command Center  
  102  7:57  Marine  
  102  7:58  Marine x4  
  106  8:01  Siege Tank  
  106  8:03  SCV x2  
  112  8:07  Orbital Command  
  112  8:12  Supply Depot, Missile Turret  
  112  8:14  Supply Depot  
  112  8:15  SCV  
  113  8:24  Marine  
  113  8:25  Marine x4  
  118  8:27  SCV x2  
  120  8:35  SCV  
  120  8:38  Missile Turret  
  120  8:39  SCV  
  122  8:42  Marine x3  
  122  8:46  Marine x2  
  127  8:49  Liberator x2  
  127  9:00  Marine  
  127  9:02  Marine x2  
  130  9:04  Marine, Siege Tank  
  130  9:05  Missile Turret  
  130  9:09  SCV  
  142  9:10  Refinery, SCV x2  
  142  9:12  Refinery  
  143  9:23  Marine x4  
  147  9:24  Marine  
  147  9:30  Supply Depot  
  148  9:32  Supply Depot  
  148  9:37  Liberator  
  148  9:38  Terran Infantry Armor Level 1, Liberator  
  148  9:43  Engineering Bay, Missile Turret  
  148  9:45  Armory  
  148  9:51  Starport  
  148  9:52  Barracks  
  148  9:53  Supply Depot  
  148  9:56  Factory  
  148  9:58  SCV x2  
  156  10:06  Orbital Command  
  156  10:16  Marine x4, Combat Shields  
  160  10:27  Armory  
  160  10:31  Starport Reactor  
  160  10:38  Missile Turret  
  160  10:39  Missile Turret  
  160  10:42  Factory Tech Lab  
  160  10:43  Supply Depot  
  160  10:45  Supply Depot  
  160  10:50  SCV  
  160  10:51  SCV x2  
  160  10:52  SCV  
  164  11:01  Barracks Reactor  
  164  11:17  Liberator x4  
  164  11:19  Terran Ship Weapons Level 1  
  164  11:20  Terran Infantry Weapons Level 2  
  164  11:24  Terran Vehicle Weapons Level 1  
  164  11:35  Missile Turret  
  164  11:36  Missile Turret  
  176  11:41  Siege Tank x2  
  182  12:00  Liberator x4  
  193  12:42  Liberator x2  
  199  13:21  Starport, Factory  
  199  13:22  Starport, Factory  
  199  13:31  Terran Ship Weapons Level 2  
  199  13:32  Terran Vehicle Weapons Level 2  
  199  13:34  Terran Infantry Armor Level 2  
  199  13:41  Refinery  
  199  13:43  Refinery  
  199  14:45  Fusion Core  
  199  14:46  Factory Tech Lab x2  
  199  14:48  Starport Reactor, Starport Tech Lab  
  198  15:18  Command Center  
  198  15:31  Advanced Ballistics  
  195  16:20  Terran Infantry Weapons Level 3  
  195  16:22  Terran Infantry Armor Level 3  
  195  16:23  Terran Vehicle Weapons Level 3  
  195  16:24  Terran Ship Weapons Level 3  
  195  16:37  Planetary Fortress  
  195  16:39  Missile Turret  
  195  16:42  Concussive Shells  
  195  17:59  Barracks  
  195  18:09  Barracks  
  195  18:38  Starport  
  195  19:04  Refinery  
  195  19:07  Refinery  
  195  19:19  Command Center  
  176  19:34  Liberator  
  176  19:35  Liberator x3  
  127  19:54  Siege Tank x2  
  123  20:07  Barracks Reactor  
  123  20:08  Barracks Reactor  
  123  20:14  Liberator x2  
  123  20:17  Liberator  
  123  20:18  Liberator  
  123  20:22  Supply Depot  
  123  20:23  Supply Depot x2  
  123  20:24  Supply Depot  
  123  20:26  Siege Tank x2  
  123  20:27  Supply Depot  
  129  20:30  Liberator x2  
  135  20:42  Marine x2  
  122  20:44  Marine x2  
  122  20:45  Marine  
  131  20:58  Siege Tank x2  
  131  20:59  Marine  
  131  21:00  Marine x2, Liberator  
  131  21:02  Marine  
  114  21:11  Marine x2  
  108  21:16  Marine  
  108  21:18  Marine x2  
  107  21:20  Marine  
  100  21:26  Liberator x2  
  100  21:30  Marine x2, Siege Tank x2  
  108  21:34  Marine  
  109  21:41  Marine x3  
  118  21:55  Starport  
  118  21:58  Barracks x2  
  118  21:59  Barracks  
  118  22:02  Siege Tank  
  118  22:06  Siege Tank  
  124  22:10  Viking x2  
  107  22:34  Siege Tank  
  101  22:37  Viking  
  88  22:57  Viking x3  
  75  23:07  Viking  
  75  23:09  Marine x4  
  75  23:27  Viking, Marine x2  
  64  23:31  Liberator x2  
  64  23:33  Liberator x2  
  65  23:34  Liberator x2  
  62  23:46  Siege Tank x2  
  74  23:49  Marine x2  
  74  23:53  Marine x2  
  74  23:54  Marine  
  91  23:55  Marine x2  
  91  23:56  Marine x2  
  91  23:57  Medivac  
  97  24:07  Marine  
  98  24:10  Marine  
  98  24:11  Marine x3  
  98  24:13  Marine x2  
  104  24:20  Siege Tank x2  
  104  24:21  Marine x2  
  112  24:24  Medivac  
  112  24:25  Marine  
  112  24:27  Medivac  
  112  24:28  Marine  
  112  24:29  Marine  
  112  24:31  Medivac  
  121  24:43  Orbital Command  
  121  25:15  SCV  
  118  25:27  SCV  
Tags
 
Add a new tag
Caveats
  • Supply blocks, unpowered buildings, or Contaminate may cause inaccurate times.
  • Supply counts are checked every 10 seconds.